 Dungeon Crawl Stone Soup version 0.18-a0-912-g81d1dc4 (webtiles) character file.

46298 Duffy the Unseen (level 14, -8/77 HPs)
             Began as a Spriggan Enchanter on Dec 25, 2015.
             Was a High Priest of Ashenzari.
             Mangled by an eight-headed hydra (12 damage)
             ... on level 8 of the Lair of Beasts.
             The game lasted 00:47:36 (22793 turns).

Duffy the Unseen (Spriggan Enchanter)              Turns: 22793, Time: 00:47:36

Health: -8/77      AC:  6    Str:  4    XL:     14   Next: 4%
Magic:  17/28      EV: 36    Int: 16    God:    Ashenzari [*****.]
Gold:   1068       SH:  9    Dex: 22    Spells: 4 memorised, 21 levels left

rFire  + . .     SeeInvis +     q - +2 dagger (chaos) (curse)
rCold  . . .     Gourm    .     t - +2 robe {Archmagi} (curse)
rNeg   . . .     Faith    .     f - +0 buckler (curse)
rPois  .         Spirit   .     (helmet restricted)
rElec  .         Dismiss  .     H - +1 cloak (curse)
rCorr  .         Reflect  .     (gloves unavailable)
SustAt .         Harm     .     (boots unavailable)
MR     +++..     Clarity  +     (no amulet)
Stlth  +++++++++.               E - ring of protection from fire (curse)
                                C - ring of protection from magic (curse)

@: very quick, extremely resistant to hostile enchantments, incredibly stealthy
A: unfitting armour, see invisible, herbivore 3, speed 3, slow metabolism 2
a: Scrying, Transfer Knowledge, Renounce Religion


You were on level 8 of the Lair of Beasts.
You worshipped Ashenzari.
Ashenzari was extremely pleased with you.
You were very hungry.

You visited 3 branches of the dungeon, and saw 19 of its levels.
You also visited: Volcano.

You collected 1227 gold pieces.
You spent 159 gold pieces at shops.


Innate Abilities, Weirdness & Mutations

You are tiny and cannot use many weapons and most armour.
You have supernaturally acute eyesight.
You are a herbivore.
You cover ground extremely quickly.
You need consume almost no food.


   Skills:
 - Level 10.5 Fighting
 - Level 8.5(12.4) Short Blades
 - Level 15.0(17.2) Dodging
 + Level 16.7(18.8) Stealth
 - Level 4.8(7.4) Shields
 - Level 9.5 Spellcasting
 - Level 10.2(12.6) Hexes


You had 21 spell levels left.
You knew the following spells:

 Your Spells              Type           Power        Failure   Level  Hunger
i - Dazzling Spray        Conj/Hex       #####...     1%          3    None
j - Confuse               Hex            ######..     1%          3    None
l - Ensorcelled Hibernat  Hex/Ice        #####.       1%          2    None
n - Tukima's Dance        Hex            ######..     1%          3    None

Inventory:

Hand Weapons
 a - the +8 dagger of Causality {venom, rElec rF+ MR++}

   It poisons the flesh of those it strikes.
   It protects you from fire.
   It insulates you from electricity.
   It affects your resistance to hostile enchantments.
 q - a cursed +2 dagger of chaos (weapon)
Missiles
 B - a throwing net (quivered)
Armour
 f - a cursed +0 buckler (worn)
 t - a cursed +2 robe of the Archmagi (worn)
 H - a cursed +1 cloak (worn)
Jewellery
 m - an uncursed ring of sustain attributes
 u - an uncursed amulet of rage
 w - an uncursed ring of stealth
 C - a cursed ring of protection from magic (left hand)
 E - a cursed ring of protection from fire (right hand)
 G - an uncursed ring of ice
 N - an uncursed ring of flight
Wands
 y - a wand of digging (12/24)
 I - a wand of fire (3/15)
 M - a wand of digging (8/24)
 U - a wand of cold (10/15)
 V - a wand of draining (13/15)
 Z - a wand of slowing (30/48)
Scrolls
 b - 5 scrolls of enchant armour
 e - 7 scrolls of remove curse
 h - 4 scrolls of amnesia
 i - 3 scrolls of recharging
 k - 3 scrolls of magic mapping
 o - 8 scrolls of teleportation
 v - 3 scrolls of fear
 x - 7 scrolls of curse jewellery
 z - a scroll of summoning
 A - 3 scrolls of immolation
 D - a scroll of torment
 Q - 3 scrolls of curse weapon
 R - a scroll of curse armour
 T - a scroll of vulnerability {unknown}
 W - 3 scrolls of fog {unknown}
Potions
 g - 7 potions of curing
 j - 2 potions of cure mutation
 l - 4 potions of haste
 n - 6 potions of agility
 p - 5 potions of flight
 r - 5 potions of heal wounds
 s - 4 potions of magic
 J - 2 potions of lignification
 L - 4 potions of might
 P - a potion of berserk rage {unknown}
 S - a potion of resistance {unknown}
 X - a potion of invisibility {unknown}
 Y - a potion of ambrosia {unknown}
Books
 c - a book of Maledictions
 F - a book of Changes
 O - a book of Death
Miscellaneous
 K - a phantom mirror
Comestibles
 d - 11 bread rations

Dungeon Overview and Level Annotations

Branches:
Dungeon (10/15)            Temple (1/1) D:4            Lair (8/8) D:10
 Shoals (0/4) Lair:4        Snake (0/4) Lair:5        Slime (0/6) Lair:6
    Orc (0/2) D:9

Altars:
Ashenzari
Cheibriados
Dithmenos
Elyvilon
Fedhas
Gozag
Kikubaaqudgha
Makhleb
Nemelex Xobeh
Okawaru
Pakellas
Qazlal
Ru
Sif Muna
Trog
Vehumet
Xom
Yredelemnul
Zin
The Shining One
Beogh

Shops:
D:4 [

Annotations:
Lair:7 exclusion: oklob plant


Message History

The eight-headed hydra is moderately wounded.
The eight-headed hydra completely misses you.
The eight-headed hydra bites you!
You block the eight-headed hydra's attack.
The eight-headed hydra completely misses you. x2
You block the eight-headed hydra's attack. x2
The eight-headed hydra bites you!
You are too injured to fight recklessly!
You are too injured to fight recklessly!
You are too injured to fight recklessly!
Cast which spell? (? or * to list)
Aiming: Confuse
Press: ? - help, Shift-Dir - straight line, f/p - eight-headed hydra
Aim: an eight-headed hydra (moderately wounded, lightly drained, chance to defeat MR: 45%)
You feel a surge of power!
The eight-headed hydra resists with some effort.
The eight-headed hydra bites you.
The eight-headed hydra completely misses you.
You block the eight-headed hydra's attack.
The eight-headed hydra completely misses you. x2
You block the eight-headed hydra's attack.
The eight-headed hydra bites you!
The eight-headed hydra completely misses you.
You are feeling very hungry.
You hit the eight-headed hydra.
The eight-headed hydra seems to slow down.
The eight-headed hydra is moderately wounded.
You hit the eight-headed hydra.
Multicoloured lights dance before your eyes!
The eight-headed hydra is moderately wounded.
You puncture the eight-headed hydra!
The eight-headed hydra is moderately wounded.
The eight-headed hydra is no longer moving slowly.
The eight-headed hydra misses you. The eight-headed hydra bites you!
You die... .. , , ,,, , , .., , ,,, ,,, , , ,,* . **, ,* , *, , ,,* ,,,,* * * ,** *,*, ***, , * ** 7777 ** * 77..7 ** * *** 77...77 ** 7.....777 , * 777..77@D7 * 7, * 77...77777..7* 7777

7777...77
77..7*
00.777....777
* ..7
0..).0..777 *
..7 *
0.0.00777 * *
+ ##* ** *
0000.0+# *
,,, ,, ,
00.007#..,
,,,, ,,,8 ,
,8, ,*~ 77* ,
..8.8, ' , *~


You could see an eight-headed hydra.

Action                   |  1- 3 |  4- 6 |  7- 9 | 10-12 | 13-15 || total
-------------------------+-------+-------+-------+-------+-------++-------
Melee: Dagger            |   149 |   163 |   418 |   879 |   491 ||  2100
 Cast: Ensorcelled Hiber |     5 |    21 |    99 |   114 |    87 ||   326
       Confuse           |       |     1 |    21 |    59 |     9 ||    90
       Tukima's Dance    |       |       |       |    21 |       ||    21
       Dazzling Spray    |       |       |       |       |     9 ||     9
  Use: Scroll            |     3 |     2 |    14 |    11 |     1 ||    31
       Potion            |       |       |       |     1 |       ||     1
 Stab: Sleeping          |    12 |    21 |    69 |   110 |    68 ||   280
       Confused          |       |     1 |    13 |    38 |     6 ||    58
       Distracted        |       |       |     2 |     1 |     2 ||     5
       Petrified         |       |       |     1 |     2 |     1 ||     4
       Paralysed         |       |       |     3 |     4 |     3 ||    10
       Petrifying        |       |       |     2 |     3 |     4 ||     9
       Invisible         |       |       |       |       |     2 ||     2
  Eat: Fruit             |       |     6 |     4 |     8 |       ||    18
       Royal jelly       |       |       |       |     1 |       ||     1
       Pizza             |       |       |       |     1 |       ||     1

Notes
Turn   | Place    | Note
--------------------------------------------------------------
     0 | D:1      | Duffy the Spriggan Enchanter began the quest for the Orb.
     0 | D:1      | Reached XP level 1. HP: 9/9 MP: 5/5
    77 | D:1      | Reached XP level 2. HP: 10/13 MP: 6/6
    81 | D:1      | Learned a level 2 spell: Ensorcelled Hibernation
   270 | D:1      | Reached skill level 3 in Spellcasting
   550 | D:2      | Reached skill level 4 in Hexes
   779 | D:2      | Reached XP level 3. HP: 16/16 MP: 9/9
   946 | D:2      | Reached skill level 2 in Short Blades
  1107 | D:2      | Reached skill level 4 in Spellcasting
  1150 | D:2      | Found a glowing silver altar of Zin.
  1153 | D:2      | Noticed an angel
  1364 | D:2      | Found a shimmering altar of Xom.
  1741 | D:2      | Reached XP level 4. HP: 15/21 MP: 3/11
  1904 | D:3      | Noticed Dirtsage's ghost (amateur OpMo)
  1921 | D:2      | Learned a level 3 spell: Confuse
  1925 | D:2      | Learned a level 3 spell: Tukima's Dance
  1940 | D:3      | Killed Dirtsage's ghost
  1940 | D:3      | Reached XP level 5. HP: 24/24 MP: 8/13
  2084 | D:3      | Reached skill level 5 in Spellcasting
  2290 | D:3      | Reached skill level 5 in Hexes
  2312 | D:3      | Reached skill level 3 in Short Blades
  2428 | D:3      | Found a shimmering altar of Xom.
  2556 | D:3      | Reached XP level 6. HP: 28/28 MP: 4/15
  3068 | D:3      | Reached skill level 6 in Spellcasting
  3225 | D:4      | Learned a level 3 spell: Dazzling Spray
  3244 | D:4      | Found Astri's Antique Armour Shoppe.
  3253 | D:4      | Bought a colourful robe for 142 gold pieces
  3263 | D:4      | Identified the +2 robe of the Game Afoot {rPois Str-5 Dex+4} (You bought it in a shop on level 4 of the Dungeon)
  3263 | D:4      | Lost strength.
  3296 | D:4      | Bought a glowing robe for 17 gold pieces
  3647 | D:4      | Reached skill level 4 in Short Blades
  3649 | D:4      | Reached XP level 7. HP: 28/32 MP: 13/18
  3786 | D:4      | Found a staircase to the Ecumenical Temple.
  3835 | Temple   | Entered the Ecumenical Temple
  3979 | Temple   | Became a worshipper of Ashenzari the Shackled
  4093 | D:4      | Reached skill level 6 in Hexes
  4184 | D:4      | Reached skill level 7 in Spellcasting
  4560 | D:4      | Found a stormy altar of Qazlal.
  4560 | D:4      | Found a deep blue altar of Sif Muna.
  4584 | D:5      | Entered Level 5 of the Dungeon
  5001 | D:5      | Noticed Dirtsage's ghost (novice OpMo)
  5020 | D:5      | Killed Dirtsage's ghost
  5020 | D:5      | Reached skill level 1 in Fighting
  5020 | D:5      | Reached skill level 8 in Spellcasting
  5123 | D:5      | Noticed Prince Ribbit
  5297 | D:5      | Reached XP level 8. HP: 37/39 MP: 16/21
  5526 | D:5      | Killed Prince Ribbit
  5526 | D:5      | Reached skill level 2 in Fighting
  5526 | D:5      | Reached skill level 7 in Hexes
  5618 | D:5      | Found a blossoming altar of Fedhas.
  5619 | D:5      | Found a burning altar of Makhleb.
  6003 | D:6      | Reached skill level 9 in Spellcasting
  6010 | D:6      | Reached skill level 5 in Stealth
  6312 | D:6      | Reached * piety under Ashenzari
  6779 | D:6      | Reached skill level 6 in Stealth
  6805 | D:6      | Reached skill level 8 in Hexes
  6861 | D:6      | Reached skill level 7 in Stealth
  6932 | D:6      | Reached XP level 9. HP: 42/42 MP: 23/23
  7047 | D:6      | Identified the +12 great sword of Triumph {drain, +Fly MR+ Str-2}
  7048 | D:6      | Reached skill level 8 in Stealth
  7252 | D:7      | Reached skill level 9 in Hexes
  7281 | D:7      | Found a sparkling altar of Nemelex Xobeh.
  7321 | D:7      | Reached skill level 9 in Stealth
  7488 | D:7      | Found a shadowy altar of Dithmenos.
  7837 | D:7      | Identified the +2 plate armour of Aqovoogh {+Blink rPois rCorr}
  8307 | D:7      | Reached skill level 10 in Stealth
  8584 | D:8      | Reached skill level 10 in Hexes
  8955 | D:8      | Reached skill level 4 in Dodging
  9248 | D:7      | Reached skill level 3 in Fighting
  9436 | D:8      | Reached skill level 5 in Dodging
 10221 | D:9      | Reached skill level 6 in Dodging
 10221 | D:9      | Reached XP level 10. HP: 49/49 MP: 20/24
 10314 | D:9      | Found a roughly hewn altar of Beogh.
 10334 | D:9      | Reached skill level 4 in Fighting
 10378 | D:9      | Found a staircase to the Orcish Mines.
 10592 | D:9      | Reached ** piety under Ashenzari
 10606 | D:9      | Reached skill level 7 in Dodging
 10641 | D:9      | Noticed a deep elf mage
 10648 | D:9      | Killed a deep elf mage
 10679 | D:9      | Noticed Maurice
 10688 | D:9      | Killed Maurice
 10688 | D:9      | Reached skill level 5 in Fighting
 10688 | D:9      | Reached skill level 8 in Dodging
 10799 | D:9      | Reached skill level 9 in Dodging
 11313 | D:10     | Entered Level 10 of the Dungeon
 11413 | D:10     | Noticed a hill giant
 11569 | D:9      | Reached skill level 6 in Fighting
 11569 | D:9      | Reached skill level 10 in Dodging
 11594 | D:10     | Found a stormy altar of Qazlal.
 11594 | D:10     | Noticed Erolcha
 11598 | D:10     | Killed Erolcha
 11920 | D:10     | Killed a hill giant
 12022 | D:10     | Reached XP level 11. HP: 44/58 MP: 22/25
 12080 | D:10     | Reached skill level 11 in Dodging
 12264 | D:10     | Noticed Grum
 12269 | D:10     | Killed Grum
 12566 | D:10     | Reached skill level 7 in Fighting
 12777 | D:10     | Noticed a hill giant
 12798 | D:10     | Killed a hill giant
 12798 | D:10     | Reached skill level 12 in Dodging
 13237 | D:10     | Found a staircase to the Lair.
 13542 | D:10     | Noticed a hill giant
 13551 | D:10     | Killed a hill giant
 13599 | D:10     | Reached skill level 5 in Short Blades
 13755 | Lair:1   | Entered Level 1 of the Lair of Beasts
 13971 | Lair:1   | Reached skill level 8 in Fighting
 14045 | Lair:1   | Noticed a five-headed hydra
 14073 | Lair:1   | Killed a five-headed hydra
 14073 | Lair:1   | Reached skill level 6 in Short Blades
 14381 | Lair:1   | Reached skill level 7 in Short Blades
 14728 | Lair:1   | Reached skill level 9 in Fighting
 15114 | Lair:1   | Reached XP level 12. HP: 59/66 MP: 20/26
 15340 | Lair:2   | Noticed Fannar
 15357 | Lair:2   | Killed Fannar
 15357 | Lair:2   | Reached skill level 8 in Short Blades
 15363 | Lair:2   | Found a dark tunnel.
 15372 | Volcano  | Entered a volcano
 15677 | Volcano  | Noticed an ogre mage
 15684 | Volcano  | Killed an ogre mage
 15941 | Lair:2   | Identified the +8 dagger of Causality {venom, rElec rF+ MR++}
 16019 | Lair:2   | Reached *** piety under Ashenzari
 16074 | Lair:2   | Noticed Nergalle
 16081 | Lair:2   | Killed Nergalle
 16143 | Lair:2   | Reached skill level 11 in Stealth
 16539 | Lair:2   | Noticed Urug
 16549 | Lair:2   | Killed Urug
 16819 | Lair:2   | Reached skill level 12 in Stealth
 17001 | Lair:3   | Reached skill level 10 in Fighting
 17086 | Lair:3   | Noticed a four-headed hydra
 17105 | Lair:3   | Killed a four-headed hydra
 17568 | Lair:3   | Reached skill level 1 in Shields
 17800 | Lair:4   | Found a staircase to the Shoals.
 17804 | Lair:4   | Reached skill level 2 in Shields
 17954 | Lair:4   | Reached **** piety under Ashenzari
 18084 | Lair:4   | Reached skill level 3 in Shields
 18656 | Lair:5   | Reached skill level 4 in Shields
 18694 | Lair:5   | Reached ***** piety under Ashenzari
 18699 | Lair:5   | Found a staircase to the Snake Pit.
 18860 | Lair:5   | Noticed a seven-headed hydra
 18877 | Lair:5   | Killed a seven-headed hydra
 18877 | Lair:5   | Reached XP level 13. HP: 72/72 MP: 21/27
 19419 | Lair:5   | Reached skill level 13 in Stealth
 19548 | Lair:6   | Found a staircase to the Slime Pits.
 19758 | Lair:6   | Reached skill level 13 in Dodging
 20675 | Lair:7   | Reached skill level 14 in Stealth
 20851 | Lair:7   | Reached skill level 14 in Dodging
 21086 | Lair:7   | Identified the +9 broad axe "Diladgh" {freeze, rPois rN+ Str+4}
 21393 | Lair:7   | Reached skill level 15 in Stealth
 21804 | Lair:7   | Reached skill level 15 in Dodging
 22201 | Lair:8   | Entered Level 8 of the Lair of Beasts
 22323 | Lair:8   | Noticed a dire elephant
 22606 | Lair:8   | Killed a dire elephant
 22606 | Lair:8   | Reached skill level 16 in Stealth
 22746 | Lair:8   | Reached XP level 14. HP: 69/77 MP: 23/28
 22793 | Lair:8   | Mangled by an eight-headed hydra

Vault maps used:
D:1:      saegor_arrival_miasma
D:2:      grunt_temple_overflow_order_and_chaos_1
D:3:      led_xom_imps
D:4:      gammafunk_temple_overflow_elements, minmay_temple_entry_purple_smoke,
          serial_shops, nicolae_shop_trees, first_bread
D:5:      gammafunk_temple_overflow_pools, kennysheep_diamond, minivault_19,
          uniq_prince_ribbit1
D:6:      kennysheep_windowed_halls
D:7:      nicolae_dithmenos_through_a_glass_darkly,
          nemelex_xobeh_ov_fountains_minmay
D:8:      grunt_ogre_cave
D:9:      david_orc_5, kennysheep_generic_room_4, uniq_maurice
D:10:     nicolae_whirlpool, grunt_lair_entry_orc_guard_hut, basic_altar,
          minivault_19, uniq_erolcha, uniq_grum
Temple:   eino_narrow_crystal_temple_a_12
Lair:2:   nicolae_volcano_entry_lava_flow, uniq_nergalle, uniq_fannar, uniq_urug
Lair:4:   elwin_shoals_entry_stream
Lair:5:   minmay_snake_entry_guardpost_small
Lair:6:   nicolae_slime_entry_slimehenge
Lair:7:   nicolae_quartered_pool_medium, lemuel_fruit_fields, grunt_megastairs_3
Lair:8:   evil_forest, st_stairs_8
Volcano:  volcano_pools

Vanquished Creatures
  A dire elephant
  An ogre mage
  9 hydras Fannar Erolcha
  2 dancing weapons Urug Nergalle
  A wizard
  3 hill giants
  A deep elf mage
  A griffon
  16 elephants Maurice
  4 black mambas
  The ghost of Dirtsage the Insei, a novice OpMo of Ashenzari
  9 spiny frogs
  A fire drake
  8 komodo dragons
  4 merfolk
  A troll
  6 two-headed ogres Prince Ribbit
  2 slime creatures
  3 wyverns
  A wraith
  3 blink frogs
  A steam dragon
  10 hippogriffs Grum
  28 yaks
  4 basilisks
  3 nagas
  14 water moccasins
  2 porcupines
  17 wolves
  A hungry ghost
  A phantom
  A necrophage
  9 orc warriors
  A soldier ant
  5 ogres
  An eye of draining
  10 centaurs
  2 sky beasts
  The ghost of Dirtsage the Insei, an amateur OpMo
  14 crocodiles
  17 giant frogs
  A big kobold
  A gnoll sergeant
  A wyvern zombie
  A scorpion
  A killer bee (shapeshifter)
  3 wights
  6 hounds
  3 killer bees
  11 crimson imps
  A giant frog zombie
  12 orc priests
  6 jellies
  4 iguanas
  20 orc wizards
  8 worker ants
  30 sheep
  3 hound zombies
  2 hound skeletons
  17 adders
  45 river rats
  5 gnolls
  3 oozes
  An adder skeleton
  A worm
  4 giant geckos
  86 orcs
  16 bats
  5 giant cockroaches
  7 hobgoblins
  15 jackals
  12 kobolds
  5 quokkas
  7 giant newts
  9 goblins
  2 quokka skeletons
  A rat (shapeshifter)
  14 rats
  13 fungi
  11 plants
620 creatures vanquished.
